 Dungeon Crawl Stone Soup version 0.25-a0-875-geaba134f46 (webtiles) character file.

Game seed: 2577840105078335718, levelgen mode: deterministic

32 Glorfindel the Sneak (level 3, 16/16 HPs)
             Began as a Felid Warper on May 1, 2020.
             Got out of the dungeon alive.
             The game lasted 00:19:26 (3071 turns).

Glorfindel the Sneak (Felid Warper)                 Turns: 3071, Time: 00:19:27

Health: 16/16      AC:  1    Str:  7    XL:     3   Next: 8%
Magic:  7/7        EV: 18    Int: 14    God:
Gold:   112        SH:  0    Dex: 16    Spells: 0/6 levels left
                                        Lives:  0   Deaths: 1

rFire    . . .     SeeInvis +     - Unarmed
rCold    . . .     Gourm    .   (shield unavailable)
rNeg     . . .     Faith    .   (armour unavailable)
rPois    .         Spirit   .   (helmet unavailable)
rElec    .         Reflect  .   (cloak unavailable)
rCorr    .         Harm     .   (gloves unavailable)
MR       .....                  (boots unavailable)
Stlth    ++++......             (no amulet)
HPRegen  0.05/turn              (no ring)
MPRegen  0.10/turn              (no ring)

@: quick
A: very small, no armour, no weapons or thrown items, stealth, claws 1, fangs 3,
see invisible, carnivore, speed 1, shaggy fur 1, slow metabolism 1, sharp paws
a: no special abilities


You escaped.
You were not hungry.

You visited 1 branch of the dungeon, and saw 3 of its levels.

You collected 112 gold pieces.

Inventory:

Missiles
 f - 40 arrows
Scrolls
 a - a scroll of fog
 b - a scroll of teleportation
 e - a scroll of remove curse {unknown}
 g - a scroll of amnesia {unknown}
Comestibles
 c - 5 rations


   Skills:
 - Level 2.0 Fighting
 - Level 3.2 Dodging
 * Level 5.5 Stealth
 - Level 2.0 Unarmed Combat
 - Level 2.0 Spellcasting
 * Level 4.4 Translocations


You couldn't memorise any spells.
You knew the following spells:

 Your Spells              Type           Power        Failure   Level  Hunger
b - Blink                 Tloc           N/A          6%          2    ###....
t - Teleport Other        Tloc           ##......     12%         3    ####...
G - Shroud of Golubria    Chrm/Tloc      #.....       14%         2    ###....

Your spell library contained the following spells:

 Spells                   Type           Power        Failure   Level  Hunger
 Gell's Gravitas          Tloc           ##........   12%         3    ####...
 Lesser Beckoning         Tloc           ##........   12%         3    ####...
 Passage of Golubria      Tloc           N/A          36%         4    #####..


Dungeon Overview and Level Annotations

Branches:
Dungeon (3/15)

Altars:
Gozag
Wu Jian

Annotations:
D:3 book, Natasha


Innate Abilities, Weirdness & Mutations

You cannot wear armour.
You are incapable of wielding weapons or throwing items.
Your paws allow you to move quietly. (Stealth)
You have sharp claws.
You have razor-sharp teeth.
You have supernaturally acute eyesight. (SInv)
You are carnivorous and can eat meat at any time.
You cover ground quickly.
You are covered in fur. (AC +1)
You have a slow metabolism.
Your sharp claws are effective at attacking unaware monsters.


Message History

You die...
Your shroud falls apart!
You are now level 3!
You rejoin the land of the living...
(D) Dungeon
Where to? (Enter - D:2 @ (x,y), ? - help)
What level of the Dungeon? (default 1, ? - help)
There is an escape hatch in the ceiling here.
There is a stone staircase leading up here.
You climb upwards.
There is a stone staircase leading down here.
There is an open door here.
There is a stone staircase leading up here.
You climb upwards.
There is a stone staircase leading down here.
The gnoll is too close now for your liking.
There is an open door here.
There is a staircase leading out of the dungeon here.
Are you sure you want to leave the Dungeon?
This will make you lose the game!
You have escaped!

#.# #.###..#
##.#########......#
#........g...###..#####
#......................
#...##'##...#####.#####
#...#...#...# #.#####
#.###.8.###.# #.##...
#.#.......#.#####.##.##
#.#.8.@.8.#........#...
#####.#.......#..#####.#.##
#.....###.8.###..# #.###
#.......#...#....# #..#
#.......##+##....# ##.##
#................# #..#
#....############# ##.##
###....# #..# #......# ##.#


There were no monsters in sight!

Vanquished Creatures
  3 adders
  An ooze (D:3)
  A worm (D:2)
  A dart slug (D:1)
  A leopard gecko (D:3)
  2 giant cockroaches
  6 goblins
  4 hobgoblins
  6 kobolds
  A quokka (D:3)
  9 bats
  3 frilled lizards
  3 rats
41 creatures vanquished.

Vanquished Creatures (others)
  A bat (D:2)
1 creature vanquished.

Grand Total: 42 creatures vanquished

Notes
Turn   | Place    | Note
-------+----------+-------------------------------------------
     0 | D:1      | Glorfindel the Felid Warper began the quest for the Orb.
     0 | D:1      | Reached XP level 1. HP: 9/9 MP: 4/4
   176 | D:1      | Reached skill level 1 in Stealth
   280 | D:1      | Reached skill level 2 in Stealth
   366 | D:1      | Reached XP level 2. HP: 13/13 MP: 6/6
   407 | D:1      | Learned a level 2 spell: Blink
   503 | D:1      | Reached skill level 3 in Stealth
   850 | D:2      | Found an opulent altar of Gozag.
  1452 | D:3      | //book but 1000 foes
  1553 | D:3      | Reached skill level 4 in Stealth
  1553 | D:3      | Reached XP level 3. HP: 11/16 MP: 7/7
  1554 | D:3      | //Dex
  1561 | D:3      | Learned a level 3 spell: Teleport Other
  1753 | D:3      | //[12]
  1771 | D:3      | //Phew - adder - curing
  1854 | D:2      | Found an ornate altar of the Wu Jian Council.
  2126 | D:2      | //id scrolls
  2144 | D:2      | Reached skill level 5 in Stealth
  2224 | D:2      | //ambrosia vs adder
  2377 | D:2      | Reached XP level 4. HP: 19/19 MP: 8/8
  2384 | D:2      | Learned a level 2 spell: Shroud of Golubria
  2882 | D:2      | //shroud vs worm
  2980 | D:3      | Noticed Natasha
  3005 | D:3      | Slain by Natasha
  3006 | D:3      | Reached XP level 3. HP: -5/16 MP: 6/7
  3071 | D:$      | Got out of the dungeon alive.

Levels and vault maps discovered:
D:1:      dpeg_arrival_simpleton_c, layout_basic
D:2:      layout_loops_corners, nicolae_overflow_crystal_walls,
          nicolae_gozag_seed_capital, lemuel_flame_loot_1
D:3:      layout_basic, first_ration, uniq_robin, uniq_natasha,
          uniq_crazy_yiuf_cottage

Skill      XL: |  1  2  3 |
---------------+----------+-----
Stealth        | 2 4 5 |  5.5
Fighting       | |  2.0
Dodging        | |  3.2
Unarmed Combat | |  2.0
Spellcasting   | |  2.0
Translocations | |  4.4

Action                   |  1- 3 |  4- 6 || total
-------------------------+-------+-------++-------
Melee: Unarmed           |   133 |    48 ||   181
       Bite              |     8 |     7 ||    15
 Cast: Shroud of Golubri |       |     4 ||     4
  Use: Scroll            |     2 |     2 ||     4
       Potion            |     2 |     1 ||     3
 Stab: Sleeping          |     9 |       ||     9
  Eat: Chunk             |    10 |       ||    10
Armor: Skin              |     7 |     1 ||     8
Dodge: Dodged            |    95 |    23 ||   118

Table legend:
 A = Non-vault XP
 B = Vault XP
 C = Vault XP percentage of total XP
 D = Non-vault monster count
 E = Vault monster count
 F = Vault count percentage of total count
                 A         B        C        D         E       F
            +---------+---------+-------+---------+---------+-------
      Total |     107 |       0 |   0.0 |      41 |       0 |   0.0
            +---------+---------+-------+---------+---------+-------
        D:1 |      29 |       0 |   0.0 |      19 |       0 |   0.0
        D:2 |      47 |       0 |   0.0 |      13 |       0 |   0.0
        D:3 |      31 |       0 |   0.0 |       9 |       0 |   0.0
            +---------+---------+-------+---------+---------+-------
